 Dungeon Crawl Stone Soup version 0.26.1-11-gd32895ea62 (webtiles) character file.

Game seed: 18374438153337674424

174 Acheron the Cutter (level 5, -13/38 HPs)
             Began as a Human Wanderer on July 3, 2021.
             Mangled by an ogre
             ... wielding a +0 giant spiked club
              (17 damage)
             ... on level 4 of the Dungeon.
             The game lasted 00:12:27 (3648 turns).

Acheron the Cutter (Human Wanderer)                 Turns: 3648, Time: 00:12:27

Health: -13/38     AC:  5    Str: 12    XL:     5   Next: 84%
Magic:  8/8        EV: 10    Int: 12    God:
Gold:   144        SH:  0    Dex: 14    Spells: 8/9 levels left

rFire    . . .     SeeInvis .   a - +2 short sword
rCold    . . .     Faith    .   (no shield)
rNeg     . . .     Spirit   .   b - +0 ring mail
rPois    .         Reflect  .   (no helmet)
rElec    .         Harm     .   (no cloak)
rCorr    .         Rampage  .   (no gloves)
Will     .....                  (no boots)
Stlth    +.........             (no amulet)
HPRegen  0.12/turn              (no ring)
MPRegen  0.11/turn              (no ring)

@: no status effects
A: no striking features
a: no special abilities


You were on level 4 of the Dungeon.
You visited 1 branch of the dungeon, and saw 4 of its levels.

You collected 144 gold pieces.

Inventory:

Hand Weapons
 a - a +2 short sword (weapon)
 c - a cursed +0 mace
 k - a +2 whip of venom
Missiles
 f - 116 stones
 j - a throwing net
Armour
 b - a +0 ring mail (worn)
Wands
 m - a wand of random effects (23)
 r - a wand of disintegration (9)
Scrolls
 e - a scroll of remove curse
Potions
 d - a potion of resistance {unknown}
 g - a potion of heal wounds {unknown}
 h - a potion of degeneration {unknown}
 i - a potion of attraction {unknown}
 l - a potion of curing {unknown}
 n - a potion of brilliance
 o - a potion of might
 p - a potion of ambrosia {unknown}
 q - a potion of lignification {unknown}


   Skills:
 * Level 1.7 Fighting
 * Level 3.1 Short Blades
 * Level 1.1 Throwing
 * Level 1.5 Armour
 * Level 0.9 Dodging
 * Level 1.5 Stealth
 * Level 2.6 Spellcasting
 + Level 2.4 Hexes
 * Level 1.4 Translocations
 * Level 1.5 Evocations


You had 8 spell levels left.
You knew the following spells:

 Your Spells              Type           Power        Failure   Level
a - Apportation           Tloc           8%           32%         1

Your spell library contained the following spells:

 Spells                   Type           Power        Failure   Level
 Gell's Gravitas          Tloc           2%           67%         3


Dungeon Overview and Level Annotations

Branches:
Dungeon (4/15)
 Temple: D:4-7

Altars:
Ashenzari
Qazlal
Trog
Zin

Annotations:
D:3 exclusion: downstairs
D:4 Robin


Message History

The adder barely misses you.
You hit the adder.
You kill the adder!
You feel sick.
You feel sick.
You feel sick.
You feel sick.
You see here a pair of crude gloves.
You feel sick.
You are no longer poisoned.
Found a fizzy emerald potion.
You see here a wand of disintegration (10).
r - a wand of disintegration (10)
The ogre misses you.
Aiming: Disintegrate
Press: ? - help, Shift-Dir - straight line, f - ogre
Aim: an ogre, wielding a +0 giant spiked club (chance to affect: 72%)
The ogre is blasted!
The ogre hits you with a +0 giant spiked club!
You die...

#..#### #......
#.....# ......
##.##..# .....
#.# .....##.$
#.# ### . # #.#
.# ####.#
#..†.#######.#
#.##..[O@....#
#.##.#######...!
###.##.# .
#...#..#
#.###.## #....)#
#..#### ####


You could see an ogre.

Vanquished Creatures
  An orc priest (D:3)
  7 adders
  A worm (D:3)
  A dart slug (D:1)
  4 leopard geckos
  4 orcs (D:3)
  2 ball pythons
  8 bats
  4 giant cockroaches
  13 goblins
  6 hobgoblins
  A quokka (D:3)
  6 frilled lizards
  6 kobolds
  10 rats
74 creatures vanquished.

Notes
Turn   | Place    | Note
-------+----------+-------------------------------------------
     0 | D:1      | Acheron the Human Wanderer began the quest for the Orb.
     0 | D:1      | Acheron set off with the following items: a +2 short sword,
                  | a +0 robe; and the following spell memorised: Apportation;
                  | and the following spells available to memorise: Gell's
                  | Gravitas
     0 | D:1      | Reached XP level 1. HP: 15/15 MP: 3/3
    67 | D:1      | Reached XP level 2. HP: 21/21 MP: 5/5
   616 | D:1      | Reached XP level 3. HP: 14/26 MP: 6/6
  1428 | D:3      | Reached XP level 4. HP: 26/32 MP: 7/7
  1587 | D:4      | Noticed an ogre
  1713 | D:2      | Reached skill level 1 in Armour
  2171 | D:2      | Found a glowing silver altar of Zin.
  2173 | D:2      | Found a stormy altar of Qazlal.
  2193 | D:2      | Found a broken altar of Ashenzari.
  2201 | D:2      | Found a bloodstained altar of Trog.
  2606 | D:3      | Reached XP level 5. HP: 28/37 MP: 8/8
  2712 | D:3      | Reached skill level 3 in Short Blades
  2777 | D:3      | Reached skill level 1 in Throwing
  3487 | D:4      | Noticed Robin
  3500 | D:4      | HP: 1/38 [goblin/+0 dagger[Robin] (5)]
  3648 | D:4      | Mangled by an ogre

Illustrated notes

Levels and vault maps discovered:
D:1:      psy_arrival_terrarium, layout_loops_corners
D:2:      layout_loops_ring, minitemple
D:3:      layout_loops_ring, gup_sewer_entry_glass
D:4:      layout_rooms, vehumet_altar_wand_db, uniq_robin

Skill      XL: |  1  2  3  4  5 |
---------------+----------------+-----
Armour         | 1 |  1.5
Short Blades   | 3 |  3.1
Throwing       | 1 |  1.1
Fighting       | |  1.7
Dodging        | |  0.9
Stealth        | |  1.5
Spellcasting   | |  2.6
Hexes          | |  2.4
Translocations | |  1.4
Evocations     | |  1.5

Action                   |  1- 3 |  4- 6 || total
-------------------------+-------+-------++-------
Melee: Short sword       |    99 |   172 ||   271
Evoke: Wand              |       |     1 ||     1
  Use: Scroll            |     2 |     4 ||     6
       Potion            |       |     2 ||     2
Armor: Ring mail         |    37 |    84 ||   121
Dodge: Dodged            |    54 |   111 ||   165
